AoeStats
← NuMa | JuanMan

Arabia

509920802Analyzed
2v2 RM · 4d ago on Sep 28, 2026· 51m 51s· 4 players
Game mode
Random Map
Map size
Medium (4 player)
Population
200
Speed
Normal
Resources
Standard
Victory
Conquest
Starting age
Dark Age
Ending age
Imperial Age
RankedLock teamsTeams togetherTeam positionsShared explorationLock speedFull tech treeHidden civsTurbo modeCheats
Victory
Defeat
🇷🇺 Franks · Russia
1376
+15
🇦🇷 Malay · Argentina
1368
+15
🇨🇴 Slavs · Colombia
1370
-16
🇨🇴 Wei · Colombia
1333
-14
Camo
3:23 Loom
10:00 Feudal Age
10:44 Double-Bit Axe
13:36 Horse Collar
21:58 Wheelbarrow
26:59 Castle Age
25:02 Fletching
26:16 Scale Barding Armor
26:18 Gold Mining
27:29 Bloodlines
27:49 Forging
29:08 Bodkin Arrow
29:07 Town Watch
42:11 Hand Cart
43:10 Husbandry
46:04 Chain Barding Armor
49:40 Iron Casting
48:28 Man-at-Arms
49:09 Squires
49:16 Scale Mail Armor
50:00 Heavy Plow
50:13 Long Swordsman
54:53 Imperial Age
NuMa | JuanMan
7:02 Loom
9:50 Feudal Age
10:17 Horse Collar
11:14 Wheelbarrow
10:31 Double-Bit Axe
15:15 Forging
23:34 Castle Age
21:39 Scale Mail Armor
22:27 Bloodlines
22:16 Stone Mining
22:20 Gold Mining
22:59 Fletching
24:40 Chain Mail Armor
23:47 Pikeman
24:39 Bow Saw
24:48 Heavy Plow
24:52 Squires
25:25 Husbandry
25:55 Scale Barding Armor
29:54 Iron Casting
34:32 Chain Barding Armor
38:00 Tuntian
43:03 Imperial Age
40:57 Bodkin Arrow
41:54 Gold Shaft Mining
44:48 Blast Furnace
43:10 Elite Tiger Cavalry
43:50 Halberdier
48:07 Hand Cart
lidyaqu
6:31 Loom
9:18 Feudal Age
16:07 Scale Barding Armor
17:27 Double-Bit Axe
18:49 Forging
23:31 Castle Age
23:39 Gold Mining
23:38 Light Cavalry
24:44 Chain Barding Armor
25:00 Iron Casting
28:05 Fletching
28:32 Bow Saw
28:58 Husbandry
30:50 Bodkin Arrow
31:35 Town Watch
31:59 Stone Mining
33:34 Wheelbarrow
37:12 Town Patrol
40:45 Imperial Age
40:22 Hand Cart
42:46 Cavalier
45:06 Plate Barding Armor
45:31 Blast Furnace
47:28 Paladin
50:39 Gold Shaft Mining
CrisTheOne
6:47 Loom
9:43 Feudal Age
8:58 Man-at-Arms
10:08 Double-Bit Axe
10:45 Arson
15:53 Forging
24:57 Castle Age
25:50 Gold Mining
25:47 Long Swordsman
26:32 Squires
28:55 Iron Casting
42:09 Imperial Age
40:18 Wheelbarrow
39:30 Town Watch
41:37 Hand Cart
43:11 Conscription
43:57 Conscription
46:04 Blast Furnace
45:37 Bow Saw
50:46 Elite Karambit Warrior
Connection lost

Rejoining the realm…

Still unreachable

The connection could not be restored.

Session expired

The server has moved on; the page needs a fresh start.